 Dungeon Crawl Stone Soup version 0.31.0-32-g396128a36d (webtiles) character file.

Game seed: 9545299694592153692

3 BoneyBoi1234 the Ruffian (level 1, 0/16 HPs)
             Began as a Draconian Shapeshifter on Mar 27, 2024.
             Slain by a jackal (2 damage)
             ... on level 1 of the Dungeon.
             The game lasted 00:00:18 (72 turns).

BoneyBoi1234 the Ruffian (Draconian Shapeshifter)     Turns: 72, Time: 00:00:19

Health: 0/16       AC:  4    Str: 16    XL:     1   Next: 41%
Magic:  1/1        EV: 12    Int: 10    God:
Gold:   10         SH:  0    Dex: 10    Spells: 0/0 levels left

rFire   . .          .
                       - Unarmed
rCold   . . .        (no shield)
rNeg    . . .        (body armour unavailable)
rPois   .            (helmet currently unavailable)
rElec   .            (cloak currently unavailable)
rCorr   .            (gloves currently unavailable)
SInv    .            (boots currently unavailable)
Will    .....        (no amulet)
Stlth   +            (no ring)
HPRegen 0.22/turn    (no ring)
MPRegen 0.07/turn

%: no passive effects
@: beast-form
A: beast (slay +1), AC +4, unfitting armour, cold-blooded
a: Begin Untransformation


You were on level 1 of the Dungeon.
You were a hulking beast.
You visited 1 branch of the dungeon, and saw 1 of its levels.

You collected 10 gold pieces.

Inventory:

Talismans
 b - a beast talisman
 c - a flux talisman
Scrolls
 d - a scroll of identify {unknown}
Potions
 a - a potion of lignification


   Skills:
 + Level 1.2 Fighting
 + Level 1.8 Dodging
 + Level 3.0 Unarmed Combat
 + Level 3.0 Shapeshifting


You couldn't memorise any spells.
You didn't know any spells.
Your spell library was empty.

Dungeon Overview and Level Annotations

Branches:
Dungeon (1/15)

Altars:


Innate Abilities, Weirdness & Mutations

You are a hulking beast.
Your limbs bulge with bestial killing power. (Slay +1)
Your plain brown scales are hard. (AC +4)
You cannot fit into any form of body armour.
You are cold-blooded and may be slowed by cold attacks.


Message History

You hit the jackal.
The jackal is heavily wounded.
The jackal barely misses you.
A rat comes into view.
The jackal completely misses you.
You hit the jackal.
You kill the jackal!
The jackal barely misses you.
You hit the jackal. You tail-slap the jackal.
The jackal is almost dead.
A bat comes into view.
The jackal bites you.
You closely miss the jackal.
The jackal is almost dead.
The jackal bites you.
The jackal stops to sniff the ground.
The rat misses you. The kobold hits you with a +0 club. The jackal bites you.
You are too injured to fight recklessly!
Your library has no spells.
The jackal attacks as it pursues you! The jackal barely misses you.
The kobold attacks as it pursues you! The kobold hits you but does no damage.
The jackal stops to sniff the ground.
The jackal bites you.
You see here a +0 dagger.
The jackal bites you. The jackal bites you.
* * * LOW HITPOINT WARNING * * *
The jackal attacks as it pursues you!
The jackal bites you but does no damage.
The jackal bites you.
* * * LOW HITPOINT WARNING * * *
The jackal barely misses you. The jackal attacks as it pursues you!
The jackal misses you.
You barely miss the jackal. The jackal bites you.
* * * LOW HITPOINT WARNING * * *
The jackal misses you.
You punch the jackal!
You kill the jackal!
The jackal bites you.
You die...

############
#..........# ....
#..........# ....
#..........#
.....##........††###
.............)..h..#
......####.#####S.##
.....r####.# ##.##
.......h.#h# #hh#
.......S.#S# ##.##
......hrKh.###..#
.....#.#####...##
....#........####
................#
..............#.#
..........<...# #
..##.........#


You could see 2 jackals and a ball python.

Vanquished Creatures
  2 jackals (D:1)
  A frilled lizard (D:1)
  A kobold (D:1)
  A rat (D:1)
5 creatures vanquished.

Notes
Turn   | Place    | Note
-------+----------+-------------------------------------------
     0 | D:1      | BoneyBoi1234 the Draconian Shapeshifter began the quest for
                  | the Orb.
     0 | D:1      | Reached XP level 1. HP: 16/16 MP: 1/1
    72 | D:1      | Slain by a jackal

Illustrated notes

Levels and vault maps discovered:
D:1:      wander_arrival_peaceful_grave, layout_rooms

Action                     || total
---------------------------++-------
  Melee: Unarmed           ||    14
         Tailslap          ||     1
 Armour: Skin              ||    17
  Dodge: Dodged            ||    10
